Map: Prion Terraces

Players

MorroW

  • Race: Protoss Protoss
  • League: Master

AcerBly (Bly) - Winner!

  • Race: Zerg Zerg
  • League: Master

Event: DreamHack ZOWIE Open Leipzig

VOD

Have the link to the VOD?

Description

Time

  • Played on: Jan. 22, 2016, 10:42 a.m.
  • Length: 12:16

All games in this series

Show
View Real Time Build Order
Export as new Build Order

MorroW Protoss 

Build Orders: Nexus First 

Get SALT Encoding   

  12  0:01  Probe (Chrono Boost)  
  13  0:11  Probe (Chrono Boost)  
  14  0:18  Pylon  
  14  0:22  Probe (Chrono Boost)  
  15  0:36  Probe (Chrono Boost)  
  16  0:47  Probe (Chrono Boost)  
  17  1:00  Nexus  
  17  1:01  Probe (Chrono Boost)  
  18  1:12  Probe (Chrono Boost)  
  18  1:16  Gateway  
  19  1:22  Probe (Chrono Boost), Assimilator  
  20  1:29  Assimilator  
  21  1:33  Probe (Chrono Boost)  
  21  1:38  Pylon  
  21  1:43  Probe (Chrono Boost)  
  22  1:51  Gateway  
  22  1:55  Probe (Chrono Boost)  
  23  2:04  Cybernetics Core  
  23  2:06  Probe (Chrono Boost)  
  24  2:11  Probe (Chrono Boost)  
  24  2:14  Zealot (Chrono Boost)  
  27  2:17  Probe  
  27  2:22  Probe (Chrono Boost)  
  28  2:29  Probe (Chrono Boost)  
  30  2:34  Probe (Chrono Boost)  
  31  2:41  Probe (Chrono Boost), Adept x2 (Chrono Boost)  
  36  2:48  Probe (Chrono Boost)  
  37  2:51  Probe  
  35  3:00  Probe  
  35  3:03  Warp Gate (Chrono Boost)  
  35  3:04  Mothership Core  
  38  3:09  Adept x2 (Chrono Boost)  
  42  3:13  Probe  
  43  3:25  Probe x2  
  44  3:32  Robotics Facility  
  44  3:37  Probe x2  
  46  3:51  Probe x2 (Chrono Boost)  
  46  3:55  Pylon  
  46  3:56  Assimilator x2  
  44  4:03  Probe x2 (Chrono Boost)  
  44  4:05  Pylon  
  46  4:13  Probe x2 (Chrono Boost)  
  48  4:18  Adept x2  
  48  4:22  Warp Prism  
  56  4:24  Probe x2 (Chrono Boost)  
  56  4:30  Robotics Bay  
  56  4:34  Probe (Chrono Boost)  
  56  4:35  Probe (Chrono Boost)  
  58  4:44  Probe (Chrono Boost)  
  58  4:45  Probe (Chrono Boost)  
  56  4:46  Pylon  
  56  4:54  Probe  
  56  4:56  Probe, Pylon  
  58  5:05  Observer  
  59  5:07  Adept  
  59  5:08  Adept  
  59  5:11  Nexus  
  59  5:13  Probe  
  62  5:15  Probe  
  64  5:25  Probe  
  64  5:26  Disruptor (Chrono Boost)  
  64  5:27  Probe  
  69  5:32  Stargate  
  69  5:33  Stargate  
  69  5:37  Probe  
  69  5:39  Probe  
  71  5:43  Nexus  
  71  5:45  Pylon x2  
  71  5:49  Adept, Pylon  
  73  5:57  Forge  
  73  5:58  Disruptor (Chrono Boost)  
  73  5:59  Twilight Council  
  73  6:02  Pylon  
  76  6:06  Pylon  
  76  6:09  Probe (Chrono Boost)  
  76  6:10  Probe (Chrono Boost)  
  78  6:16  Phoenix x2  
  81  6:20  Probe, Pylon  
  81  6:22  Probe  
  81  6:23  Pylon  
  82  6:37  Disruptor (Chrono Boost)  
  85  6:41  Phoenix x2  
  85  6:42  Probe  
  85  6:44  Probe  
  91  6:51  Zealot  
  91  6:52  Probe, Zealot  
  95  6:56  Probe  
  95  7:01  Protoss Air Weapons Level 1  
  97  7:02  Gravitic Drive  
  97  7:06  Assimilator x2  
  97  7:08  Photon Cannon  
  97  7:13  Disruptor (Chrono Boost)  
  100  7:18  Zealot  
  102  7:24  Pylon  
  102  7:26  Pylon  
  102  7:27  Pylon, Zealot, Charge  
  102  7:28  Protoss Ground Weapons Level 1 (Chrono Boost)  
  104  7:46  Disruptor, Zealot  
  109  8:00  Photon Cannon  
  109  8:07  Photon Cannon  
  109  8:08  Photon Cannon  
  109  8:09  Gateway  
  109  8:10  Gateway  
  109  8:12  Gateway, Nexus  
  109  8:14  Gateway  
  109  8:15  Pylon  
  109  8:16  Stalker  
  109  8:17  Stalker  
  107  8:27  Mothership Core  
  107  8:33  Void Ray x2  
  117  8:46  Fleet Beacon  
  121  8:48  Immortal  
  121  8:49  Probe  
  121  8:50  Probe  
  121  8:51  Probe  
  120  8:57  Templar Archives  
  120  9:01  Probe  
  121  9:03  Probe x2  
  121  9:08  Photon Cannon  
  123  9:15  Assimilator  
  123  9:16  Stargate, Assimilator  
  121  9:19  Void Ray x2  
  121  9:20  Pylon  
  127  9:29  Zealot x4  
  129  9:39  Probe x2  
  129  9:40  Probe x2  
  133  9:52  Probe x3  
  134  9:53  Probe  
  134  9:58  Photon Cannon  
  137  10:02  Tempest (Chrono Boost)  
  137  10:04  Probe  
  137  10:06  Tempest (Chrono Boost)  
  148  10:15  Oracle (Chrono Boost)  
  148  10:20  Photon Cannon  
  147  10:22  Photon Cannon  
  147  10:27  Photon Cannon  
  147  10:28  Photon Cannon  
  147  10:30  Photon Cannon  
  147  10:34  Photon Cannon  
  147  10:35  Immortal  
  151  10:43  Pylon, Photon Cannon  
  151  10:44  Pylon  
  151  10:46  Sentry  
  151  10:47  High Templar x2  
  155  10:50  High Templar  
  155  10:51  Archon, High Templar  
  155  10:54  Archon  
  159  11:01  Tempest (Chrono Boost)  
  161  11:08  Photon Cannon  
  161  11:09  Photon Cannon  
  161  11:11  Photon Cannon, High Templar  
  153  11:15  High Templar  
  155  11:31  Tempest (Chrono Boost)  
  153  11:33  High Templar  
  108  12:01  Zealot x2  
  108  12:02  Zealot x3  
  81  12:12  Zealot  
Show
View Real Time Build Order
Export as new Build Order

AcerBly Zerg - Winner!

Build Orders: Hatch First 

Get SALT Encoding   

  12  0:00  Drone  
  13  0:12  Overlord  
  13  0:18  Drone  
  14  0:30  Drone  
  14  0:31  Drone  
  14  0:34  Drone  
  17  0:53  Hatchery  
  16  1:06  Spawning Pool  
  16  1:08  Drone  
  16  1:11  Drone  
  16  1:15  Drone  
  18  1:19  Drone  
  19  1:38  Hatchery  
  18  1:53  Zergling x6  
  21  2:04  Queen  
  21  2:05  Zergling x2  
  24  2:11  Queen  
  26  2:17  Overlord  
  26  2:22  Drone x2  
  28  2:38  Drone x3  
  31  2:51  Drone x3  
  33  2:53  Drone  
  33  2:57  Drone  
  33  2:59  Queen  
  33  3:00  Queen  
  33  3:01  Overlord  
  38  3:05  Drone  
  38  3:11  Drone x2  
  39  3:15  Drone x2  
  39  3:17  Overlord  
  41  3:20  Extractor  
  41  3:21  Extractor  
  39  3:27  Zergling x6  
  39  3:28  Zergling x2  
  42  3:37  Drone x4  
  42  3:50  Drone x5  
  42  3:55  Drone x4  
  50  4:01  Zergling x2  
  50  4:07  Spore Crawler, Drone x2  
  50  4:09  Spore Crawler  
  48  4:25  Zergling x6  
  48  4:27  Spore Crawler  
  48  4:30  Drone  
  48  4:31  Drone  
  50  4:32  Metabolic Boost, Overlord  
  50  4:35  Zergling x6  
  50  4:38  Spore Crawler  
  50  4:42  Drone x3  
  50  4:51  Drone  
  50  4:52  Drone  
  52  4:53  Lair  
  52  4:56  Drone x2  
  52  4:57  Spore Crawler  
  53  5:02  Drone x3  
  53  5:05  Drone x2  
  58  5:08  Drone x2  
  60  5:14  Overlord  
  60  5:17  Drone x3  
  61  5:22  Zergling x2  
  61  5:26  Extractor  
  61  5:27  Overlord  
  61  5:28  Extractor  
  60  5:31  Zergling x6  
  60  5:32  Drone x3  
  66  5:37  Overlord  
  66  5:38  Drone  
  66  5:39  Drone x2  
  69  5:53  Drone  
  69  5:54  Drone, Spire  
  69  5:55  Hatchery, Drone x2  
  71  6:01  Drone x3  
  71  6:03  Extractor x2  
  72  6:05  Overseer  
  72  6:09  Drone  
  72  6:10  Drone x8  
  81  6:12  Overlord  
  81  6:23  Overlord  
  80  6:38  Drone  
  80  6:39  Drone x3, Infestation Pit  
  83  6:44  Hydralisk Den  
  82  7:05  Corruptor x8  
  82  7:07  Drone  
  94  7:18  Hive  
  94  7:20  Overlord  
  94  7:25  Hydralisk x5  
  94  7:26  Extractor  
  94  7:27  Overlord x5  
  94  7:28  Extractor  
  102  7:49  Hydralisk  
  102  7:50  Hydralisk x4  
  112  7:54  Drone x3  
  112  7:55  Hatchery  
  109  8:05  Zergling x22  
  120  8:14  Spine Crawler  
  120  8:15  Spine Crawler  
  120  8:19  Spine Crawler  
  115  8:29  Hydralisk x6  
  115  8:30  Overlord  
  115  8:31  Lurker Den  
  127  8:35  Drone x8, Greater Spire  
  135  8:42  Drone x3  
  135  8:45  Overlord  
  138  9:01  Spore Crawler  
  137  9:07  Zergling x10  
  137  9:08  Overlord, Adrenal Glands, Zergling x2  
  137  9:09  Spore Crawler  
  142  9:13  Evolution Chamber  
  142  9:14  Evolution Chamber, Zergling x2  
  142  9:16  Overlord  
  140  9:27  Corruptor x3  
  140  9:30  Viper x2  
  149  9:50  Overseer x2  
  149  9:52  Brood Lord x6  
  160  10:00  Zerg Melee Weapons Level 1  
  157  10:08  Spine Crawler x2  
  157  10:09  Spine Crawler  
  157  10:12  Zerg Ground Armor Level 1  
  157  10:13  Lurker  
  155  10:19  Zergling x2  
  155  10:20  Zergling x38  
  175  10:22  Brood Lord  
  175  10:24  Drone x3  
  175  10:25  Drone x2  
  182  10:31  Spore Crawler x2  
  180  10:38  Spore Crawler  
  180  10:39  Spore Crawler  
  180  10:41  Spore Crawler  
  177  10:44  Ultralisk Cavern  
  175  10:53  Infestor x2  
  175  10:54  Overlord x2  
  179  11:00  Overseer  
  176  11:06  Corruptor x3  
  181  11:22  Corruptor x4  
  185  11:41  Hydralisk x6  
  185  11:42  Overlord  

Tags
 
Add a new tag
Caveats
  • Supply blocks, unpowered buildings, or Contaminate may cause inaccurate times.
  • Supply counts are checked every 10 seconds.